 Dungeon Crawl Stone Soup version 0.20.1-1-g8b1a95d (webtiles) character file.

79 Anon1729 the Digger (level 4, -1/27 HPs)
             Began as an Octopode Earth Elementalist on Dec 8, 2017.
             Slain by Natasha (2 damage)
             ... on level 2 of the Dungeon.
             The game lasted 00:04:26 (2186 turns).

Anon1729 the Digger (Octopode Earth Elementalist)   Turns: 2186, Time: 00:04:27

Health: -1/27      AC:  1    Str:  4 (7)  XL:     4   Next: 37%
Magic:  2/7        EV: 13    Int: 17 (18) God:
Gold:   87         SH:  0    Dex: 10 (12) Spells: 3/7 levels left

rFire    . . .     SeeInvis .   i - +0 dagger
rCold    . . .     Gourm    .   (no shield)
rNeg     . . .     Faith    .   (helmet restricted)
rPois    .         Spirit   .   (no amulet)
rElec    .         Reflect  .   (no ring)
rCorr    .         Harm     .   (no ring)
MR       .....                  (no ring)
Stlth    +++.......             (no ring)
Regen    0.1/turn               (no ring)
MPRegen  0.1/turn               (no ring)
                                (no ring)
                                (no ring)

@: no status effects
A: almost no armour, stealthy swim, amphibious, 8 rings, constrict 8, camouflage
1, gelatinous body 1
a: no special abilities


You were on level 2 of the Dungeon.
You were not hungry.

You visited 1 branch of the dungeon, and saw 2 of its levels.

You collected 87 gold pieces.

Inventory:

Hand Weapons
 i - a +0 dagger (weapon)
Missiles
 b - 31 stones
 h - 2 silver javelins (quivered)
Scrolls
 e - a scroll of recharging {unknown}
 g - a scroll of teleportation {unknown}
 l - 2 scrolls of enchant weapon {unknown}
 n - a scroll of remove curse {unknown}
Books
 d - a book of Geomancy

   Spells                             Type                      Level
   a - Sandblast                      Earth                        1
   b - Passwall                       Transmutation/Earth          2
   c - Stone Arrow                    Conjuration/Earth            3
   d - Petrify                        Transmutation/Earth          4
   e - Lee's Rapid Deconstruction     Earth                        5
Comestibles
 c - a bread ration
 j - 5 chunks of flesh


   Skills:
 + Level 2.8 Dodging
 + Level 3.3 Stealth
 - Level 0.2 Unarmed Combat
 * Level 2.4 Spellcasting
 * Level 0.0 Conjurations
   Level 1.0 Transmutations
 * Level 4.0 Earth Magic


You had 3 spell levels left.
You knew the following spells:

 Your Spells              Type           Power        Failure   Level  Hunger
a - Sandblast             Erth           ###...       3%          1    #......
b - Stone Arrow           Conj/Erth      #.....       24%         3    ###....


Dungeon Overview and Level Annotations

Branches:
Dungeon (2/15)

Altars:

Annotations:
D:2 Natasha


Innate Abilities, Weirdness & Mutations

You cannot wear most types of armour.
You are very stealthy in the water. (Stealth+)
You are amphibious.
You can wear up to eight rings at the same time.
You can use your tentacles to constrict eight enemies at once.
Your skin changes colour to match your surroundings (Stealth+).
Your rubbery body absorbs attacks. (AC +1, EV +1)


Message History

Your magical contamination has completely faded away.
You feel less wooden.
You flicker back into view.
It was a potion of degeneration.
There was something very wrong with that liquid.
You feel weakened.
You feel dopey.
You feel clumsy.
Unknown command.
Casting: Sandblast
Confirm with . or Enter, or press ? or * to list all spells.
You don't have enough magic to cast that spell.
Unknown command.
Casting: Sandblast
Confirm with . or Enter, or press ? or * to list all spells.
Aiming: Sandblast
Press: ? - help, Shift-Dir - straight line, f - Natasha
Aim: Natasha The blast of sand hits Natasha.
Natasha is heavily wounded.
b - 31 stones Natasha claws you.
You die...

#########
.......@#
....###h# #
#.###.########
###.............
..............##
..............#
.......<###h....
##..###.# .....
#.. #.# #...


You could see Natasha.

Vanquished Creatures
  Natasha (D:2)
  An adder (D:2)
  2 dart slugs (D:1)
  A leopard gecko (D:1)
  4 bats (D:1)
  3 giant cockroaches
  4 hobgoblins
  3 jackals (D:1)
  5 frilled lizards
  4 goblins (D:1)
  5 kobolds (D:1)
  7 rats
40 creatures vanquished.

Notes
Turn   | Place    | Note
-------+----------+-------------------------------------------
     0 | D:1      | Anon1729 the Octopode Earth Elementalist began the quest for the Orb.
     0 | D:1      | Reached XP level 1. HP: 11/11 MP: 3/3
   620 | D:1      | Reached XP level 2. HP: 14/17 MP: 5/5
  1393 | D:1      | Reached XP level 3. HP: 19/21 MP: 6/6
  2154 | D:2      | Noticed Natasha
  2166 | D:2      | Killed Natasha
  2166 | D:2      | Reached skill level 4 in Earth Magic
  2166 | D:2      | Reached XP level 4. HP: 9/27 MP: 0/7
  2174 | D:2      | Learned a level 3 spell: Stone Arrow
  2178 | D:2      | Noticed Natasha
  2181 | D:2      | HP: 1/27 [Natasha/magic dart (9)]
  2186 | D:2      | Slain by Natasha

Skill      XL: |  1  2  3 |
---------------+----------+-----
Stealth        | 3 |  3.3
Earth Magic    | 4 |  4.0
Dodging        | |  2.8
Unarmed Combat | |  0.2
Spellcasting   | |  2.4
Transmutations | |  1.0

Action                   |  1- 3 |  4- 6 || total
-------------------------+-------+-------++-------
Melee: Unarmed           |    22 |       ||    22
       Constrict         |    21 |       ||    21
       Tentacles         |    10 |       ||    10
       Dagger            |    64 |       ||    64
Throw: Javelin           |     3 |       ||     3
       Stone             |     3 |       ||     3
 Cast: Sandblast         |    13 |     1 ||    14
  Use: Potion            |       |     4 ||     4
 Stab: Sleeping          |    12 |       ||    12
  Eat: Chunk             |     4 |       ||     4
Armor: Skin              |     7 |       ||     7
Dodge: Dodged            |    69 |       ||    69
